 Dungeon Crawl Stone Soup version 0.24-a0-219-g9656df7 (webtiles) character file.

Game seed: 1817342350202817834

102 Gunnerkreig the Sneak (level 4, -4/27 HPs)
             Began as an Octopode Wizard on Mar 30, 2019.
             Slain by a worm (10 damage)
             ... in a sewer.
             The game lasted 00:08:24 (2778 turns).

Gunnerkreig the Sneak (Octopode Wizard)             Turns: 2778, Time: 00:08:25

Health: -4/27      AC:  2    Str:  6    XL:     4   Next: 78%
Magic:  3/8        EV: 13    Int: 23    God:
Gold:   105        SH:  0    Dex: 10    Spells: 2/9 levels left

rFire    . . .     SeeInvis +   j - +1 spear
rCold    . . .     Gourm    .   (no shield)
rNeg     . . .     Faith    .   a - +1 hat
rPois    .         Spirit   .   (no amulet)
rElec    .         Reflect  .   k - +2 ring of intelligence
rCorr    .         Harm     .   m - ring of see invisible
MR       .....                  (no ring)
Stlth    +++.......             (no ring)
HPRegen  0.09/turn              (no ring)
MPRegen  0.11/turn              (no ring)
                                (no ring)
                                (no ring)

@: no status effects
A: almost no armour, stealthy swim, amphibious, 8 rings, constrict 8, camouflage
1, gelatinous body 1
a: no special abilities


You were in a sewer.
You were not hungry.

You visited 1 branch of the dungeon, and saw 3 of its levels.
You also visited: Sewer.

You collected 105 gold pieces.

Inventory:

Hand Weapons
 j - a +1 spear (weapon)
 o - a +0 hunting sling
Missiles
 d - 69 stones (quivered)
 h - 24 sling bullets
Armour
 a - a +1 hat (worn)
Jewellery
 k - a +2 ring of intelligence (left tentacle)
 m - a ring of see invisible (right tentacle)
Wands
 i - a wand of clouds (7)
Scrolls
 b - 2 scrolls of remove curse
 e - 2 scrolls of identify
 g - a scroll of teleportation
Potions
 l - a potion of flight
Comestibles
 c - 2 rations
 f - a chunk of flesh


   Skills:
 - Level 2.0 Dodging
 + Level 4.4 Stealth
 - Level 3.0 Spellcasting
 * Level 3.6 Conjurations
   Level 1.0 Summonings
   Level 1.0 Translocations


You had 2 spell levels left.
You knew the following spells:

 Your Spells              Type           Power        Failure   Level  Hunger
a - Magic Dart            Conj           ###.         2%          1    None
b - Conjure Flame         Conj/Fire      ##......     17%         3    ###....
c - Mephitic Cloud        Conj/Pois/Air  #.......     22%         3    ###....

Your spell library contained the following spells:

 Spells                   Type           Power        Failure   Level  Hunger
 Blink                    Tloc           N/A          12%         2    ##.....
 Call Imp                 Summ           #.......     12%         2    ##.....
 Slow                     Hex            #.......     17%         2    ##.....


Dungeon Overview and Level Annotations

Branches:
Dungeon (3/15)

Altars:
Sif Muna
Wu Jian
Xom
Zin


Innate Abilities, Weirdness & Mutations

You cannot wear most types of armour.
You are very stealthy in the water. (Stealth+)
You are amphibious.
You can wear up to eight rings at the same time.
You can use your tentacles to constrict eight enemies at once.
Your skin changes colour to match your surroundings (Stealth+).
Your rubbery body absorbs attacks. (AC +1, EV +1)


Message History

Confirm with . or Enter, or press ? or * to list all spells.
Aiming: Magic Dart (safe; 2% risk of failure)
Press: ? - help, Shift-Dir - straight line, f/p - worm
Aim: a worm (moderately wounded)
The magic dart hits the worm.
The worm is heavily wounded.
Casting: Magic Dart (safe; 2% risk of failure)
Confirm with . or Enter, or press ? or * to list all spells.
Aiming: Magic Dart (safe; 2% risk of failure)
Press: ? - help, Shift-Dir - straight line, f/p - worm
Aim: a worm (heavily wounded)
The magic dart hits the worm.
The worm is heavily wounded.
The worm barely misses you.
A frilled lizard comes into view.
You barely miss the adder.
The frilled lizard hisses angrily.
You grab the adder. You constrict the adder. The adder barely misses you.
The worm bites you!
You die...

##..#
...#
#l.#
##..##
##....#
#...∩.##
#......#
#....S∩#
##..w@##
##...#
#####


You could see a worm, an adder and a frilled lizard.

Vanquished Creatures
  2 adders
  3 river rats (D:3)
  An ooze (D:1)
  2 worms
  2 dart slugs
  3 bats
  4 giant cockroaches
  7 goblins
  2 hobgoblins (D:1)
  3 jackals (D:2)
  6 kobolds
  A quokka (D:2)
  A ball python (Sewer)
  2 frilled lizards (D:1)
  6 rats
45 creatures vanquished.

Notes
Turn   | Place    | Note
-------+----------+-------------------------------------------
     0 | D:1      | Gunnerkreig the Octopode Wizard began the quest for the
                  | Orb.
     0 | D:1      | Reached XP level 1. HP: 11/11 MP: 4/4
   189 | D:1      | Reached skill level 3 in Stealth
   208 | D:1      | Reached XP level 2. HP: 17/17 MP: 0/6
   977 | D:1      | Reached XP level 3. HP: 21/21 MP: 3/7
  1360 | D:2      | Found an ornate altar of the Wu Jian Council.
  2064 | D:2      | Learned a level 3 spell: Conjure Flame
  2068 | D:2      | Learned a level 3 spell: Mephitic Cloud
  2281 | D:3      | Found a glowing silver altar of Zin.
  2284 | D:3      | Noticed an angel
  2310 | D:3      | Found a shimmering altar of Xom.
  2414 | D:3      | Reached skill level 4 in Stealth
  2462 | D:3      | Found a deep blue altar of Sif Muna.
  2542 | D:3      | Reached XP level 4. HP: 21/27 MP: 4/8
  2685 | D:3      | Found a glowing drain.
  2748 | Sewer    | Entered a sewer
  2778 | Sewer    | Slain by a worm

Levels and vault maps discovered:
D:1:      minmay_arrival_nine_rooms, layout_rooms, st_stairs_12,
          minmay_split_cup_large
D:2:      layout_loops_ring, lemuel_doored_altar
D:3:      layout_basic, nicolae_overflow_crystal_walls,
          grunt_temple_overflow_order_and_chaos_1, led_sif_pool, first_ration,
          gup_sewer_entry_bubbles
Sewer:    sewer_fruit_machine

Skill      XL: |  1  2  3 |
---------------+----------+-----
Stealth        | 3 4 |  4.4
Conjurations   | 2 3 |  3.6
Dodging        | |  2.0
Spellcasting   | |  3.0
Summonings     | |  1.0
Translocations | |  1.0

Action                   |  1- 3 |  4- 6 || total
-------------------------+-------+-------++-------
Melee: Unarmed           |    12 |       ||    12
       Tentacles         |     4 |     3 ||     7
       Constrict         |     4 |     7 ||    11
       Mace              |    11 |       ||    11
       Spear             |       |    27 ||    27
 Cast: Magic Dart        |    75 |    24 ||    99
  Use: Scroll            |     5 |     1 ||     6
  Eat: Chunk             |     3 |       ||     3
       Ration            |     1 |       ||     1
Armor: Skin              |     1 |     6 ||     7
Dodge: Dodged            |    20 |    19 ||    39

Table legend:
 A = Non-vault XP
 B = Vault XP
 C = Vault XP percentage of total XP
 D = Non-vault monster count
 E = Vault monster count
 F = Vault count percentage of total count
                 A         B        C        D         E       F
            +---------+---------+-------+---------+---------+-------
      Total |      69 |      78 |  53.1 |      29 |      16 |  35.6
            +---------+---------+-------+---------+---------+-------
        D:1 |      24 |      11 |  31.4 |      12 |       5 |  29.4
        D:2 |      40 |       0 |   0.0 |      14 |       0 |   0.0
        D:3 |       5 |      62 |  92.5 |       3 |       8 |  72.7
      Sewer |       0 |       5 | 100.0 |       0 |       3 | 100.0
            +---------+---------+-------+---------+---------+-------
